 Dungeon Sprint DCSS version 0.30.1-11-g7821555f0a (webtiles) character file.

Game seed: 9502983597214845318

316 Groucho the Unseen (level 6, -15/33 HPs)
             Began as a Felid Berserker on Oct 28, 2023.
             Was a Believer of Trog.
             Killed by the air
             ... invoked by an oklob plant meteorologist
              (18 damage)
             ... in the Dungeon (Sprint IV: "Fedhas' Mad Dash").
             The game lasted 00:04:07 (1481 turns).

Groucho the Unseen (Felid Berserker)                Turns: 1481, Time: 00:04:08

Health: -15/33     AC:  2    Str: 15    XL:     6   Next: 20%
Magic:  7/7        EV: 23    Int:  9    God:    Trog [**....]
Gold:   119        SH:  0    Dex: 15    Spells: 5/5 levels left
                                        Lives:  0   Deaths: 2

rFire   + .          .
                       - Unarmed
rCold   x . .        (shield unavailable)
rNeg    . . .        (body armour unavailable)
rPois   +            (helmet unavailable)
rElec   .            (cloak unavailable)
rCorr   .            (gloves unavailable)
SInv    +            (boots unavailable)
Will    .....        g - amulet of invisibility {+Inv}
Stlth   ++++++       i - ring of poison resistance
HPRegen 0.25/turn    h - ring of fire
MPRegen 0.10/turn

%: no teleportation
@: quick
A: very small, claws 1, fangs 3, see invisible, speed 1, shaggy fur 2, stealthy
paws, no weapons or thrown items, no armour, multi-lived
a: Renounce Religion, Evoke Invisibility, Berserk, Trog's Hand


You were in the Dungeon.
You worshipped Trog.
Trog was pleased with you.
You visited 1 branch You collected 119 gold pieces.

Inventory:

Jewellery
 g - the amulet of invisibility (around neck) {+Inv}
   (You found it in the Dungeon)

   [amulet of nothing]

   +Inv:      It lets you turn invisible.
 h - a ring of fire (right paw)
 i - a ring of poison resistance (left paw)
Scrolls
 f - a scroll of blinking
 j - a scroll of amnesia {unknown}
Potions
 a - a potion of curing
 b - a potion of heal wounds
 c - a potion of haste
 d - 2 potions of magic
 e - a potion of berserk rage
 k - a potion of mutation {unknown}


   Skills:
 + Level 8.0 Fighting
 + Level 10.5 Dodging
 + Level 15.6 Stealth
 + Level 8.0 Unarmed Combat
 + Level 6.7 Evocations


You had 5 spell levels left.
You didn't know any spells.
Your spell library was empty.

Dungeon Overview and Level Annotations

Branches:
Dungeon (1/1)

Altars:
Cheibriados
Dithmenos
Elyvilon
Gozag
Hepliaklqana
Kikubaaqudgha
Makhleb
Nemelex Xobeh
Okawaru
Qazlal
Ru
Sif Muna
Trog
Uskayaw
Vehumet
Wu Jian
Xom
Yredelemnul
Zin
The Shining One
Jiyva
Lugonu

Shops:
D ?!(

Annotations:
D exclusions: 3 oklob plants and oklob sapling


Innate Abilities, Weirdness & Mutations

You have sharp claws.
You have razor-sharp teeth.
You have supernaturally acute eyesight. (SInv)
You cover ground quickly. (Speed+)
You are covered in thick fur. (AC +2)
Your paws help you pounce on unaware monsters.
You are incapable of wielding weapons or throwing items.
You cannot wear armour.
You gain extra lives every three experience levels.


Message History

The explosion of spores engulfs you!
You are confused.
The hornet stings you!
Unknown command.
The ghost moth stares at you.
The ghost moth closely misses you. x2; The ghost moth stings you.
Unknown command.
You feel less confused. The hornet stings you.
The ghost moth closely misses you. The ghost moth hits you!
* * * LOW HITPOINT WARNING * * *
The ghost moth completely misses you. The hornet completely misses you.
Unknown command.
The ghost moth stares at you. The ghost moth hits you!
You die...
The ghost moth misses you. The ghost moth completely misses you.
The hornet completely misses you.
The demonic crawler hits itself.
The demonic crawler hits itself but does no damage.
The demonic crawler hits itself.
You are now level 6!
You rejoin the land of the living...
An oklob plant shifter and an oklob plant meteorologist come into view.
Marking area around an oklob plant shifter and an oklob plant meteorologist as unsafe for travelling.
Unknown command.
Unknown command.
Unknown command.
Unknown command.
Unknown command.
The oklob plant meteorologist stares at you and mumbles some strange words.
The bolt of lightning hits the fungus!!
The fungus begins to die.
The bolt of lightning hits you!!
Ouch! That really hurt!
* * * LOW HITPOINT WARNING * * *
You hear a hideous shriek!
Unknown command.
The oklob plant meteorologist waves its leaves in wide circles.
The air twists around and strikes you!!
Ouch! That really hurt!
You die...

#:.#..W†'......
#..#.}###Pf..P.
###############
#..†........
#∩y.y.......
#∩..s.......
#∩..........
###########+#####
#P.@.......#
#.......P.P#
###.P....###
###...## #....#
#...... #.......
########


You could see an oklob plant meteorologist and an oklob plant shifter.

Vanquished Creatures
  A shadow demon (D)
  An oklob plant (D)
  A queen bee (D)
  A burning bush (D)
  A scorpion (D)
  4 killer bees (D)
  4 oklob saplings (D)
  A river rat (D)
  A rat (D)
15 creatures vanquished.

Vanquished Creatures (others)
  A ballistomycete spore (D)
1 creature vanquished.

Grand Total: 16 creatures vanquished

Notes
Turn   | Place    | Note
-------+----------+-------------------------------------------
     0 | D        | Groucho the Felid Berserker began the quest for the Orb.
     0 | D        | Reached XP level 1. HP: 10/10 MP: 2/2
    14 | D        | Reached skill level 2 in Stealth
    20 | D        | Reached skill level 5 in Stealth
    20 | D        | Reached XP level 2. HP: 14/14 MP: 3/3
    30 | D        | Noticed an oklob sapling
    32 | D        | Killed an oklob sapling
    32 | D        | Reached ** piety under Trog
    33 | D        | Reached skill level 9 in Stealth
    33 | D        | Reached XP level 3. HP: 17/17 MP: 4/4
    34 | D        | Noticed a scorpion
    34 | D        | Found the amulet of invisibility {+Inv}
    36 | D        | Killed a scorpion
    37 | D        | Reached skill level 12 in Stealth
    37 | D        | Reached XP level 4. HP: 21/21 MP: 5/5
    63 | D        | Found an opulent altar of Gozag.
    63 | D        | Found a hazy altar of Hepliaklqana.
    63 | D        | Found a snail-covered altar of Cheibriados.
    64 | D        | Found a viscous altar of Jiyva.
    64 | D        | Found a burning altar of Makhleb.
    64 | D        | Found a sparkling altar of Nemelex Xobeh.
    64 | D        | Found a sacrificial altar of Ru.
    64 | D        | Found a shimmering blue altar of Sif Muna.
    64 | D        | Found a bloodstained altar of Trog.
    64 | D        | Found an ornate altar of the Wu Jian Council.
    64 | D        | Found a shimmering altar of Xom.
    64 | D        | Found a basalt altar of Yredelemnul.
    65 | D        | Found an iron altar of Okawaru.
    65 | D        | Found a shadowy altar of Dithmenos.
    65 | D        | Found a glowing silver altar of Zin.
    66 | D        | Found an ancient bone altar of Kikubaaqudgha.
    66 | D        | Found a hide-covered altar of Uskayaw.
    67 | D        | Found a stormy altar of Qazlal.
    67 | D        | Found a white marble altar of Elyvilon.
    67 | D        | Found a glowing golden altar of the Shining One.
    68 | D        | Found a corrupted altar of Lugonu.
    68 | D        | Found a radiant altar of Vehumet.
    74 | D        | Fell from the grace of Trog
    74 | D        | Became a worshipper of Dithmenos the Shadowed
    81 | D        | Reached skill level 5 in Dodging
    81 | D        | Reached XP level 5. HP: 25/25 MP: 6/6
    85 | D        | Fell from the grace of Dithmenos
    85 | D        | Became a worshipper of Trog the Wrathful
   129 | D        | Reached * piety under Trog
   130 | D        | Reached skill level 13 in Stealth
   149 | D        | Noticed a queen bee
   156 | D        | Killed a queen bee
   157 | D        | Reached skill level 14 in Stealth
   157 | D        | Gained mutation: You are covered in thick fur. (AC +2)
                  | [Felid growth]
   157 | D        | Reached XP level 6. HP: 31/31 MP: 7/7
   161 | D        | Reached XP level 7. HP: 35/35 MP: 8/8
   163 | D        | Noticed an oklob plant
   586 | D        | Killed an oklob plant
   587 | D        | Reached skill level 10 in Dodging
   587 | D        | Reached skill level 15 in Stealth
   601 | D        | Noticed a burning bush
   613 | D        | Killed a burning bush
   613 | D        | Reached *** piety under Trog
   614 | D        | Reached XP level 8. HP: 18/40 MP: 9/9
   756 | D        | Noticed a deep elf pyromancer
   756 | D        | Noticed a manticore
   761 | D        | Noticed a burning bush
   775 | D        | Noticed an oklob plant
  1457 | D        | Noticed a shadow demon
  1457 | D        | Noticed a shadow demon
  1461 | D        | Noticed a wandering mushroom
  1467 | D        | Killed a shadow demon
  1467 | D        | Killed from afar by an oklob sapling
  1468 | D        | Reached XP level 7. HP: -9/55 MP: 8/8
  1468 | D        | Found Fowu's Magic Scroll Shoppe.
  1468 | D        | Found Musacusa's Distillery.
  1468 | D        | Found Wul Kasm's Weapon Emporium.
  1468 | D        | Noticed a hornet
  1468 | D        | Noticed a demonic crawler
  1468 | D        | Noticed a ghost moth
  1472 | D        | Slain by a ghost moth
  1473 | D        | Reached XP level 6. HP: -2/33 MP: 0/7
  1473 | D        | Noticed an oklob plant shifter
  1473 | D        | Noticed an oklob plant meteorologist
  1481 | D        | Killed from afar by an oklob plant meteorologist

Illustrated notes

Levels and vault maps discovered:
D:        dungeon_sprint_fedhas [sprint_temple]

Skill      XL: |  1  2  3  4  5  6  7 |
---------------+----------------------+-----
Stealth        | 5 9 12 14 15 | 15.6
Fighting       | 4 6 8 |  8.0
Dodging        | 5 8 10 | 10.5
Unarmed Combat | 4 6 8 |  8.0
Evocations     | 3 4 6 |  6.7

Action                     |  1- 3 |  4- 6 |  7- 9 || total
---------------------------+-------+-------+-------++-------
  Melee: Unarmed           |     8 |     9 |    58 ||    75
         Punch             |     1 |       |     3 ||     4
         Bite              |       |       |    11 ||    11
 Invoke: Trog's Hand       |       |       |     2 ||     2
         Berserk           |       |       |     1 ||     1
Ability: Evoke Invisibilit |       |     2 |     3 ||     5
   Stab: Sleeping          |     2 |     6 |     1 ||     9
         Invisible         |       |     2 |     6 ||     8
 Armour: Skin              |       |       |     1 ||     1
  Dodge: Dodged            |     3 |       |    44 ||    47
